 Dungeon Crawl Stone Soup version 0.26.0-45-g9c1d065592 (webtiles) character file.

Game seed: 1440787396785862894

22339 hawla the Destroyer (level 12, -5/83 HPs)
             Began as a Grey Draconian Conjurer on Jan 29, 2021.
             Was an Initiate of Gozag.
             Killed from afar by Frances (65 damage)
             ... with an iron shot
             ... on level 13 of the Dungeon on Jan 30, 2021.
             The game lasted 00:53:50 (21771 turns).

hawla the Destroyer (Grey Draconian Conjurer)      Turns: 21771, Time: 00:53:50

Health: -5/83      AC: 20    Str: 10    XL:     12   Next: 62%
Magic:  25/25      EV: 28    Int: 29    God:    Gozag
Gold:   834        SH:  0    Dex: 12    Spells: 15/29 levels left

rFire    . . .     SeeInvis .   s - staff of death
rCold    . . .     Faith    .   (no shield)
rNeg     + + .     Spirit   .   (armour unavailable)
rPois    .         Reflect  .   (helmet restricted)
rElec    .         Harm     .   n - +1 cloak
rCorr    .         Rampage  .   r - +1 pair of gloves
Will     +....                  M - +2 pair of boots
Stlth    ++........             F - amulet of the acrobat
HPRegen  0.23/turn              T - +6 ring of intelligence
MPRegen  0.19/turn              O - ring "Qeagikhle" {rN+ Dex+2}

@: lethally poisoned (-5 -> -20), acrobat
A: walk through water, unfitting armour, stinger 1, strong-willed 1,
unbreathing, cold-blooded, AC +13
a: Renounce Religion, Potion Petition, Call Merchant, Bribe Branch


You were on level 13 of the Dungeon.
You worshipped Gozag.
Gozag was pleased with you.
You visited 2 branches of the dungeon, and saw 14 of its levels.

You collected 3150 gold pieces.
You spent 1565 gold pieces at shops.
You paid 751 gold pieces to Gozag.

Inventory:

Hand Weapons
 f - a +0 dagger of distortion
 g - the +9 quarterstaff "Kotsil" {speed, +Fly Int-5 Dex+3}
   (You found it on level 13 of the Dungeon)

   Attacks with this weapon are significantly faster.
   It affects your intelligence (-5).
   It affects your dexterity (+3).
   It lets you fly.
 m - a +3 quarterstaff of chaos
Missiles
 a - 3 throwing nets
 b - 10 javelins
 h - 23 boomerangs
 p - 99 poisoned darts (quivered)
 D - 6 datura-tipped darts
Armour
 n - a +1 cloak (worn)
 r - a +1 pair of gloves (worn)
 M - a +2 pair of boots (worn)
Magical Staves
 s - an uncursed staff of death (weapon)
Jewellery
 q - a +4 ring of protection
 A - a +4 ring of evasion
 F - an amulet of the acrobat (around neck)
 O - the ring "Qeagikhle" (right hand) {rN+ Dex+2}
   (You bought it in a shop on level 10 of the Dungeon)

   [ring of positive energy]

   It affects your dexterity (+2).
   It protects you from negative energy.
 P - a +4 ring of evasion
 Q - an uncursed ring of poison resistance
 T - a +6 ring of intelligence (left hand)
Wands
 x - a wand of enslavement (7)
 z - a wand of paralysis (18)
 B - a wand of iceblast (9)
 G - a wand of flame (10)
 J - a wand of random effects (23)
 L - a wand of digging (10)
 S - a wand of disintegration (19)
Scrolls
 j - 3 scrolls of teleportation
 y - a scroll of amnesia
 E - 2 scrolls of fog
 H - a scroll of remove curse
 K - a scroll of enchant weapon
 U - a scroll of magic mapping
 V - a scroll of holy word
Potions
 c - a potion of invisibility
 d - 2 potions of haste
 e - 7 potions of flight
 k - a potion of berserk rage
 l - a potion of curing
 o - a potion of lignification
 u - 3 potions of heal wounds {unknown}
 v - 3 potions of brilliance {unknown}
 N - a potion of ambrosia {unknown}
Miscellaneous
 I - a box of beasts


   Skills:
 - Level 1.0 Fighting
 - Level 12.0 Staves
 - Level 1.0 Throwing
 + Level 3.8 Dodging
 - Level 1.7 Stealth
 - Level 9.0 Spellcasting
 - Level 12.0 Conjurations
 - Level 3.0 Hexes
 - Level 4.0 Necromancy
 - Level 5.0 Translocations
 - Level 4.0 Evocations


You had 15 spell levels left.
You knew the following spells:

 Your Spells              Type           Power        Failure   Level
a - Magic Dart            Conj           100%         1%          1
b - Searing Ray           Conj           100%         1%          2
c - Iskenderun's Mystic   Conj/Tloc      58%          1%          4
d - Cause Fear            Hex            15%          12%         4
e - Tukima's Dance        Hex            30%          3%          3

Your spell library contained the following spells:

 Spells                   Type           Power        Failure   Level
 Corona                   Hex            33%          1%          1
 Pain                     Necr           100%         1%          1
 Dazzling Flash           Conj/Hex       100%         1%          3
 Fulminant Prism          Conj/Hex       27%          1%          4
 Iskenderun's Battlesphe  Conj           70%          1%          5
 Ensorcelled Hibernation  Hex/Ice        42%          3%          2
 Confusing Touch          Hex            30%          3%          3
 Bolt of Magma            Conj/Fire/Erth 18%          22%         5
 Orb of Destruction       Conj           35%          26%         7
 Iron Shot                Conj/Erth      23%          47%         6
 Silence                  Hex/Air        10%          52%         5
 Yara's Violent Unravell  Hex/Tmut       10%          52%         5
 Spellforged Servitor     Conj/Summ      23%          96%         7
 Discord                  Hex            15%          100%        8


Dungeon Overview and Level Annotations

Branches:
Dungeon (13/15)            Temple (1/1) D:5            Lair (0/6) D:9
    Orc (0/2) D:10
 Vaults: D:13-14

Altars:
Ashenzari
Cheibriados
Dithmenos
Elyvilon
Fedhas
Gozag
Hepliaklqana
Kikubaaqudgha
Makhleb
Nemelex Xobeh
Okawaru
Qazlal
Ru
Sif Muna
Trog
Uskayaw
Vehumet
Wu Jian
Xom
Yredelemnul
Zin
The Shining One

Shops:
D:10 =   D:12 *

Annotations:
D:13 Frances


Innate Abilities, Weirdness & Mutations

You can walk through water.
Your dull iron-grey scales are very hard. (AC +13)
You cannot fit into any form of body armour.
You can survive without breathing.
You are cold-blooded and may be slowed by cold attacks.
Your tail ends in a poisonous barb.
You are strong-willed. (Will+)


Message History

You climb downwards.
Level annotation: Frances Frances hits you from afar with a +2 trident of venom!!
You are poisoned.
Frances barely misses you.
There is a stone staircase leading up, spattered with blood here.
You feel sick.
The deep elf mage gestures wildly while chanting.
The deep elf mage conjures a globe of magical energy!
Frances whispers indecipherable words.
A battlesphere comes into view.
You feel sick.
Frances whispers indecipherable words.
Frances seems to speed up.
You feel sick.
Frances whispers indecipherable words.
The iron shot hits you!!!
Ouch! That really hurt!
You die...
Your body crumbles into a pile of gold.

##.####.......#####.>#
#)# ###........#..#
#.# ####......# ..#
####...# ### ##...#
### #...## ######.#
##...# #..##..##
##....## #...#@?.#
##......##
##....4@###........#
##.....e#.........#
##....*...........#
#...............###
###.............##
#...........#.###
^>^....##........###
.^...## ###......#


You could see Frances (fast), a deep elf mage, a chaos spawn (summoned) and a
battlesphere.

Vanquished Creatures
  Harold (D:8)
  A boulder beetle (D:12)
  A hydra (D:12)
  A two-headed ogre (D:11)
  The ghost of Sweeb the Blocker, a novice OpFi of Ashenzari (D:9)
  Pikel (D:8)
  3 ugly things
  A cyclops (D:13)
  Psyche (D:8)
  2 gargoyles
  4 komodo dragons (D:9)
  7 trolls
  A water elemental (D:12)
  A basilisk (D:13)
  A wraith (D:11)
  A wyvern (D:10)
  36 yaks
  A steam dragon (D:7)
  A soldier ant (shapeshifter) (D:5)
  Edmund (D:5)
  4 necrophages
  A sky beast (D:5)
  5 black bears
  4 orc warriors
  6 phantoms
  10 ogres
  3 centaurs
  3 lemures (D:8)
  4 big kobolds
  8 bullfrogs
  3 scorpions
  A wyvern skeleton (D:10)
  4 killer bees (D:12)
  3 wights (D:9)
  6 howler monkeys
  4 electric eels
  7 jellies
  A quasit (D:10)
  A bullfrog zombie (D:6)
  Crazy Yiuf (D:3)
  2 centaur skeletons
  9 hounds
  5 orc priests
  A bullfrog skeleton (D:7)
  Jessica (D:3)
  2 iguanas
  15 orc wizards
  14 worker ants
  A killer bee zombie (D:5)
  A hound zombie (D:7)
  2 worker ant zombies (D:9)
  7 gnolls
  A howler monkey skeleton (D:10)
  16 adders
  3 shadow imps
  2 white imps
  2 ufetubi
  6 oozes
  6 worms
  A dart slug (D:2)
  2 leopard geckos
  70 orcs
  9 giant cockroaches
  3 goblins
  9 hobgoblins
  16 jackals
  21 kobolds
  6 quokkas
  A ball python (D:7)
  7 bats
  7 frilled lizards
  2 leopard gecko zombies
  2 quokka skeletons
  10 rats
408 creatures vanquished.

Vanquished Creatures (collateral kills)
  An orc wizard (D:10)
  2 orcs (D:10)
3 creatures vanquished.

Vanquished Creatures (others)
  A dancing weapon (D:9)
  55 fungi (D:9)
  44 plants
  7 withered plants (D:9)
107 creatures vanquished.

Grand Total: 518 creatures vanquished

Notes
Turn   | Place    | Note
-------+----------+-------------------------------------------
     0 | D:1      | hawla the Draconian Conjurer began the quest for the Orb.
     0 | D:1      | Reached XP level 1. HP: 14/14 MP: 3/3
     1 | D:1      | Found a runed translucent door.
   266 | D:1      | Reached skill level 1 in Fighting
   266 | D:1      | Reached XP level 2. HP: 23/23 MP: 1/5
   883 | D:2      | Learned a level 2 spell: Searing Ray
   916 | D:2      | Reached XP level 3. HP: 21/28 MP: 0/6
  1765 | D:2      | Reached XP level 4. HP: 35/35 MP: 2/8
  1821 | D:1      | Learned a level 4 spell: Iskenderun's Mystic Blast
  2325 | D:2      | Reached skill level 5 in Conjurations
  2443 | D:2      | Found an iron altar of Okawaru.
  2477 | D:3      | Reached skill level 1 in Translocations
  2539 | D:3      | Noticed Jessica
  2541 | D:3      | Killed Jessica
  2542 | D:3      | Reached XP level 5. HP: 40/40 MP: 6/10
  3062 | D:3      | Found a runed translucent door.
  3063 | D:3      | Noticed Crazy Yiuf
  3149 | D:3      | Found a basalt altar of Yredelemnul.
  3726 | D:3      | Reached XP level 6. HP: 47/47 MP: 8/11
  4127 | D:3      | Killed Crazy Yiuf
  4361 | D:4      | Reached skill level 1 in Staves
  4487 | D:4      | Your scales start taking on a dull iron-grey colour.
  4487 | D:4      | Reached XP level 7. HP: 47/52 MP: 3/13
  4487 | D:4      | Gained mutation: You can survive without breathing. [Grey
                  | Draconian growth]
  5804 | D:5      | Entered Level 5 of the Dungeon
  6097 | D:5      | Reached skill level 5 in Spellcasting
  6097 | D:5      | Reached XP level 8. HP: 59/59 MP: 6/15
  6367 | D:5      | Noticed Edmund
  6384 | D:5      | Killed Edmund
  6468 | D:5      | Found a sparkling altar of Nemelex Xobeh.
  6468 | D:5      | Found a hide-covered altar of Uskayaw.
  6476 | D:5      | Found a stormy altar of Qazlal.
  6477 | D:5      | Found a shadowy altar of Dithmenos.
  6478 | D:5      | Found a white marble altar of Elyvilon.
  6478 | D:5      | Found a hazy altar of Hepliaklqana.
  6492 | D:5      | Found a snail-covered altar of Cheibriados.
  6561 | D:5      | Found a glowing drain.
  7091 | D:5      | Reached skill level 5 in Translocations
  7169 | D:5      | Found a staircase to the Ecumenical Temple.
  7179 | Temple   | Entered the Ecumenical Temple
  7465 | Temple   | Became a worshipper of Gozag Ym Sagoz the Greedy
  7596 | D:5      | Noticed a shapeshifter
  7596 | D:5      | a hound changed into a shapeshifter
  7596 | D:5      | a shapeshifter changed into a basilisk
  9143 | D:6      | Reached XP level 9. HP: 64/64 MP: 14/18
  9621 | D:7      | Learned a level 4 spell: Cause Fear
  9992 | D:7      | Reached skill level 1 in Hexes
 11034 | D:8      | Noticed Harold
 11050 | D:8      | Killed Harold
 11051 | D:8      | Reached skill level 10 in Conjurations
 11256 | D:8      | Noticed Pikel
 11267 | D:8      | Killed Pikel
 11268 | D:8      | Reached XP level 10. HP: 46/71 MP: 5/21
 11773 | D:8      | Found a shimmering blue altar of Sif Muna.
 11802 | D:8      | Found an ancient bone altar of Kikubaaqudgha.
 11813 | D:8      | Identified Kikubaaqudgha's Volume of Evil Magic
 11818 | D:8      | Learned a level 1 spell: Pain
 11848 | D:8      | Found a radiant altar of Vehumet.
 12083 | D:8      | Noticed Psyche
 12092 | D:8      | Killed Psyche
 12093 | D:8      | Reached skill level 1 in Necromancy
 13341 | D:9      | Reached skill level 1 in Evocations
 13392 | D:9      | Reached skill level 1 in Throwing
 13486 | D:9      | Reached XP level 11. HP: 77/77 MP: 12/23
 13562 | D:9      | Found a runed translucent door.
 13562 | D:9      | Found a shimmering altar of Xom.
 13562 | D:9      | Noticed a +0 scimitar of chaos
 13562 | D:9      | Noticed Sweeb's ghost (novice OpFi)
 13589 | D:9      | Found a staircase to the Lair.
 13655 | D:9      | Found a glowing silver altar of Zin.
 14074 | D:9      | Killed Sweeb's ghost
 14075 | D:9      | Reached skill level 5 in Staves
 14186 | D:9      | Killed a +0 scimitar of chaos
 14194 | D:10     | Entered Level 10 of the Dungeon
 14688 | D:10     | Found a staircase to the Orcish Mines.
 15816 | D:10     | Found Mameh's Jewellery Boutique.
 15825 | D:10     | Bought the ring "Qeagikhle" {rN+ Dex+2} for 312 gold pieces
 16633 | D:10     | Bought an uncursed ring of poison resistance for 200 gold
                  | pieces
 17066 | D:11     | Noticed a green ugly thing
 17088 | D:11     | Killed a green ugly thing
 17267 | D:11     | Noticed a two-headed ogre
 17277 | D:11     | Killed a two-headed ogre
 17615 | D:11     | Learned a level 3 spell: Tukima's Dance
 17744 | D:11     | Reached XP level 12. HP: 83/83 MP: 5/25
 18125 | D:11     | Reached skill level 10 in Staves
 18516 | D:12     | Bought a +6 ring of intelligence for 1053 gold pieces
 18786 | D:12     | Noticed a boulder beetle
 18805 | D:12     | Noticed a six-headed hydra
 18811 | D:12     | Killed a boulder beetle
 19144 | D:12     | Killed a six-headed hydra
 19394 | D:12     | Gained mutation: You are strong-willed. (Will+) [potion of
                  | mutation]
 19394 | D:12     | Gained mutation: Your tail ends in a poisonous barb.
                  | [potion of mutation]
 21038 | D:13     | Got a smoking quarterstaff
 21038 | D:13     | Identified the +9 quarterstaff "Kotsil" {speed, +Fly Int-5
                  | Dex+3} (You found it on level 13 of the Dungeon)
 21073 | D:13     | Noticed Frances
 21771 | D:13     | Killed from afar by Frances

Illustrated notes

Levels and vault maps discovered:
D:1:      dpeg_arrival_caged_fury, layout_loops_ring
D:2:      layout_rooms, lemuel_coloured_pillars_altar
D:3:      layout_basic, marbit_many_paths, minmay_box_of_dots, uniq_jessica,
          uniq_crazy_yiuf_cottage
D:4:      layout_basic, serial_corexii_hall, corexii_hall_statues_x,
          corexii_hall_statues_l, corexii_hall_statues_deadend,
          corexii_hall_statues_l
D:5:      layout_loops_corners, grunt_temple_overflow_open,
          minmay_temple_entry_poolview, cheibrodos_sewer_entry_sluice,
          uniq_edmund
D:6:      layout_basic
D:7:      layout_loops_cross, patterned_corridor
D:8:      layout_gridville, palyth_temple_overflow_mages, uniq_psyche,
          uniq_pikel, uniq_harold
D:9:      layout_rooms, lemuel_crystal_altar, due_lair_maze_entry_diamond,
          serial_undead, serial_undead_b, serial_undead_f, serial_undead_c,
          serial_undead_b, ebering_ghost_xom
D:10:     cheibrodos_barr_body, layout_stronghold, hiddenorc2_lemuel,
          serial_shops, shop
D:11:     layout_gridville, minivault_4, hangedman_abyss_or_decor_passed
D:12:     layout_irregular_city, hangedman_decor_opposing,
          minmay_misc_feat_five, serial_bayou_pond_e, chequers_big_river
D:13:     layout_cave_pods, bh_hangedman_babel_library, uniq_frances,
          uniq_jorgrun
Temple:   compressed_dpeg_triangle_lava_temple

Skill      XL: |  1  2  3  4  5  6  7  8  9 10 11 12 |
---------------+-------------------------------------+-----
Fighting       | 1 |  1.0
Spellcasting   | 3 4 5 6 7 8 9 |  9.0
Conjurations   | 5 6 8 10 12 | 12.0
Translocations | 1 2 3 4 5 |  5.0
Staves         | 1 3 4 9 12 | 12.0
Hexes          | 3 |  3.0
Necromancy     | 4 |  4.0
Evocations     | 1 4 |  4.0
Throwing       | 1 |  1.0
Dodging        | 3 |  3.8
Stealth        | |  1.7

Action                   |  1- 3 |  4- 6 |  7- 9 | 10-12 || total
-------------------------+-------+-------+-------+-------++-------
Melee: Unarmed           |    43 |    24 |       |       ||    67
       Tailslap          |     4 |     3 |     3 |    25 ||    35
       Quarterstaff      |       |       |    80 |   105 ||   185
       Staff             |       |       |       |   191 ||   191
Throw: Dart              |       |       |       |     5 ||     5
 Cast: Magic Dart        |    42 |    24 |    59 |   105 ||   230
       Searing Ray       |     9 |    36 |    73 |   132 ||   250
       Iskenderun's Myst |       |     3 |    14 |   108 ||   125
       Pain              |       |       |       |     1 ||     1
       Tukima's Dance    |       |       |       |     4 ||     4
       Cause Fear        |       |       |       |     1 ||     1
Invok: Call Merchant     |       |       |       |     1 ||     1
Evoke: Wand              |       |       |       |     2 ||     2
  Use: Scroll            |     5 |     3 |     5 |    16 ||    29
       Potion            |     1 |       |       |     6 ||     7
 Stab: Paralysed         |       |       |     2 |       ||     2
       Confused          |       |       |       |     1 ||     1
       Distracted        |       |       |       |     1 ||     1
Armor: Skin              |    17 |    21 |    91 |   166 ||   295
Dodge: Dodged            |    41 |    46 |    84 |   416 ||   587
